 Dungeon Crawl Stone Soup version 0.29.1-12-g30fa7ad0bf (webtiles) character file.

Game seed: 3541382520511066099

44 wrenrar the Chopper (level 3, 33/33 HPs)
             Began as a Hill Orc Cinder Acolyte on Jan 8, 2023.
             Was a High Priest of Ignis.
             Quit the game on level 3 of the Dungeon.
             The game lasted 00:25:53 (2968 turns).

wrenrar the Chopper (Hill Orc Cinder Acolyte)       Turns: 2968, Time: 00:25:53

Health: 33/33      AC:  7    Str: 16    XL:     3   Next: 60%
Magic:  4/4        EV: 10    Int: 27    God:    Ignis [*****.]
Gold:   93         SH:  0    Dex:  6    Spells: 4/4 levels left

rFire   . . .      SeeInvis .   a - +0 hand axe (flame)
rCold   . . .      Faith    .   (no shield)
rNeg    + + .      Spirit   .   j - +1 ring mail of the Fiddle {rC- Int+8}
rPois   +          Reflect  .   g - +0 helmet
rElec   .          Harm     .   (no cloak)
rCorr   .          Rampage  .   (no gloves)
Will    .....                   (no boots)
Stlth   ..........              (no amulet)
HPRegen 0.11/turn               i - ring of Likev {Ice rPois rN++ Int+3}
MPRegen 0.09/turn               (no ring)

@: no status effects
A: no striking features
a: Renounce Religion, Fiery Armour, Foxfire Swarm


You were on level 3 of the Dungeon.
You worshipped Ignis.
Ignis was extremely pleased with you.
You visited 1 branch of the dungeon, and saw 3 of its levels.

You collected 93 gold pieces.

Inventory:

Hand Weapons
 a - a +0 hand axe of flaming (weapon)
Armour
 b - a +0 robe
 g - a +0 helmet (worn)
 j - the +1 ring mail of the Fiddle (worn) {rC- Int+8}
   (You found it on level 3 of the Dungeon)

   Int:       It affects your intelligence (+8).
   rC:        It makes you vulnerable to cold.
Jewellery
 d - an amulet of guardian spirit
 i - the ring of Likev (left hand) {Ice rPois rN++ Int+3}
   (You found it on level 3 of the Dungeon)

   [ring of ice]

   It enhances your ice magic.
   Int:       It affects your intelligence (+3).
   rF:        It makes you vulnerable to fire.
   rC:        It protects you from cold.
   rPois:     It protects you from poison.
   rN:        It greatly protects you from negative energy.
Scrolls
 c - 3 scrolls of identify {unknown}
 h - 2 scrolls of magic mapping {unknown}
 k - 2 scrolls of amnesia
 m - a scroll of poison {unknown}
Potions
 e - 2 potions of heal wounds {unknown}
 f - a potion of brilliance {unknown}
 l - a potion of haste {unknown}
 n - a potion of ambrosia {unknown}


   Skills:
 + Level 3.9 Fighting
 + Level 4.2 Axes
 + Level 0.0 Armour
 - Level 0.2 Dodging
 + Level 1.2 Spellcasting
 * Level 3.9 Fire Magic
 * Level 2.0 Invocations


You had 4 spell levels left.
You didn't know any spells.
Your spell library contained the following spells:

 Spells                   Type           Power      Damage    Failure   Level
 Scorch                   Fire           44%        2d7       6%          2
 Static Discharge         Conj/Air       1%         3-4/arc   30%         2
 Gell's Gravitas          Tloc           1%         N/A       52%         3
 Teleport Other           Tloc           1%         N/A       52%         3
 Sticky Flame             Conj/Fire      12%        2d4       65%         4
 Dispel Undead            Necr           1%         3d6       90%         4
 Fulminant Prism          Conj/Hex       0%         3d6       90%         4
 Iskenderun's Mystic Bla  Conj/Tloc      1%         2d3       90%         4
 Lee's Rapid Deconstruct  Erth           0%         3d5*      99%         5
 Dispersal                Tloc           0%         N/A       100%        6


Dungeon Overview and Level Annotations

Branches:
Dungeon (3/15)

Altars:
Yredelemnul


Message History

The bat closely misses you. The bat barely misses you.
The bat closely misses you.
You completely miss the bat. The bat hits you but does no damage.
You hit the bat. You burn the bat.
You kill the bat!
Found a short sword.
k - 2 scrolls of amnesia (gained 1)
Found a stone staircase leading down.
There is a stone staircase leading down here.
A phantom comes into view.
The phantom hits you but does no damage.
You hit the phantom but do no damage. The phantom hits you.
The phantom blinks!
You blink.
You hit the phantom. You burn the phantom.
The phantom is lightly damaged.
The phantom hits you.
The phantom blinks!
You blink.
You begin to rise into the air.
The phantom hits you but does no damage.
Okay, then.
The phantom hits you.
You barely miss the phantom.
The phantom is lightly damaged.
The phantom closely misses you.
You hit the phantom but do no damage.
The phantom is lightly damaged.
With a burst of heat and light, you rocket upward!
There is a shaft here.
There is a shaft here.
You fall into a shaft and drop 1 floor!
The shaft crumbles and collapses.
HP restored.
There is an escape hatch in the floor here.
You now have 93 gold pieces (gained 7).
You see here a +0 short sword.
There is a stone staircase leading down here.
n - a brown potion
There is a stone staircase leading down here.
Done exploring.
Unknown command.
Are you sure you want to abandon this character and quit the game? (Confirm with "yes".)

##..............#
#.##############
#.# #....# #.#
#....# #.# #....#
#.# #....# #.#
#....#
#.####....#
#..@......#
###########


There were no monsters in sight!

Vanquished Creatures
  An adder (D:2)
  A worm (D:2)
  3 bats
  2 endoplasms
  2 giant cockroaches
  4 goblins (D:1)
  6 hobgoblins
  A quokka (D:2)
  3 ball pythons
  A frilled lizard (D:2)
  3 kobolds
  A rat (D:1)
28 creatures vanquished.

Vanquished Creatures (others)
  18 plants (D:1)
18 creatures vanquished.

Grand Total: 46 creatures vanquished

Notes
Turn   | Place    | Note
-------+----------+-------------------------------------------
     0 | D:1      | wrenrar the Hill Orc Cinder Acolyte began the quest for the
                  | Orb.
     0 | D:1      | Reached XP level 1. HP: 19/19 MP: 2/2
   516 | D:1      | Reached XP level 2. HP: 27/27 MP: 3/3
   518 | D:1      | Reached skill level 1 in Invocations
   522 | D:1      | Found a faded altar of an unknown god.
  1548 | D:2      | Reached XP level 3. HP: 33/33 MP: 4/4
  1968 | D:3      | Found a basalt altar of Yredelemnul.
  2036 | D:3      | Identified the ring of Likev {Ice rPois rN++ Int+3}
  2065 | D:3      | Identified the +1 ring mail of the Fiddle {rC- Int+8}
  2632 | D:3      | Noticed a phantom
  2646 | D:2      | You fall into a shaft and drop 1 floor!
  2968 | D:3      | Quit the game

Illustrated notes

Levels and vault maps discovered:
D:1:      roderic_crop_circles_arrival_small, layout_basic,
          basic_ecumenical_altar
D:2:      layout_loops_cross, minmay_misc_feat_alley, dk_noncrumbling_3
D:3:      layout_basic, lemuel_coloured_pillars_altar, serial_co_window_serial,
          co_window_corner_a, co_window_of_opportunity_a, co_window_paths_a,
          co_window_corner_a, co_window_corner_a, co_window_paths_c,
          co_window_unsneaky_path_c, co_window_corner_b, glass_columns_a,
          glass_columns_b, glass_columns_c

Skill      XL: |  1  2  3 |
---------------+----------+-----
Invocations    | 1 2 |  2.0
Fighting       | |  3.9
Axes           | |  4.2
Dodging        | |  0.2
Spellcasting   | |  1.2
Fire Magic     | |  3.9

Action                   || total
-------------------------++-------
Melee: Hand axe          ||    87
       Punch             ||     1
Invok: Fiery Armour      ||     3
       Rising Flame      ||     1
  Use: Scroll            ||     4
Armor: Robe              ||    15
       Ring mail         ||    15
Dodge: Dodged            ||    61
